AoeStats
← VS

Northern Isles

510295756Analyzed
1v1 RM · 17h ago on Sep 30, 2026· 60m 32s· 2 players
Game mode
Random Map
Map size
Tiny (2 player)
Population
200
Speed
Normal
Resources
Standard
Victory
Conquest
Starting age
Dark Age
Ending age
Imperial Age
RankedLock teamsTeams togetherTeam positionsShared explorationLock speedFull tech treeHidden civsTurbo modeCheats
Victory
Defeat
🇫🇷 Japanese · France
932
+14
🇬🇪 Vikings · Georgia
899
-14
VS
3:00 Loom
10:41 Feudal Age
17:29 Castle Age
16:25 Horse Collar
16:33 Double-Bit Axe
18:46 Pikeman
20:01 Squires
26:26 Fishing Lines
27:35 Gillnets
31:54 Forging
35:56 Stone Mining
36:24 Gold Mining
39:14 Imperial Age
42:13 Imperial Age
41:16 Gold Shaft Mining
46:33 Iron Casting
45:59 Scale Mail Armor
46:02 Chieftains
47:14 Bow Saw
57:24 Siphons
58:22 Chemistry
57:43 Ballistics
Gudart34
8:24 Loom
10:24 Feudal Age
11:18 Fishing Lines
13:37 Gold Mining
13:38 Double-Bit Axe
16:00 Castle Age
16:50 Wheelbarrow
16:01 Town Watch
16:44 Forging
16:40 Scale Barding Armor
20:23 Bloodlines
23:14 Iron Casting
24:00 Husbandry
25:40 Chain Barding Armor
30:30 Fletching
30:40 Padded Archer Armor
30:47 Elite Skirmisher
31:29 Bodkin Arrow
32:59 Horse Collar
33:32 Bow Saw
34:54 Gold Shaft Mining
34:53 Scale Mail Armor
41:36 Squires
45:36 Imperial Age
45:41 Elite Samurai
46:42 Conscription
47:41 Blast Furnace
46:57 Chain Mail Armor
46:47 Heavy Plow
48:40 Hand Cart
48:26 Town Patrol
52:46 Plate Mail Armor
57:30 Kataparuto
Connection lost

Rejoining the realm…

Still unreachable

The connection could not be restored.

Session expired

The server has moved on; the page needs a fresh start.